AoeStats
← Mike

Oasis

507915016Analyzed
2v2 RM · 12d ago on Sep 20, 2026· 12m 53s· 4 players
Game mode
Random Map
Map size
Medium (4 player)
Population
200
Speed
Normal
Resources
Standard
Victory
Conquest
Starting age
Dark Age
Ending age
Imperial Age
RankedLock teamsTeams togetherTeam positionsShared explorationLock speedFull tech treeHidden civsTurbo modeCheats
Victory
Defeat
🇺🇸 Romans · United States
1094
+12
🇺🇸 Persians · United States
1074
+13
🇩🇪 Maya · Germany
1023
-13
🇩🇪 Franks · Germany
1000
-12
Mike
0:33 Loom
10:19 Feudal Age
11:11 Man-at-Arms
TITAN
4:13 Loom
10:19 Feudal Age
GJBrannock
9:16 Loom
12:03 Feudal Age
The Gobbler
7:38 Loom
9:48 Feudal Age
10:52 Man-at-Arms
Connection lost

Rejoining the realm…

Still unreachable

The connection could not be restored.

Session expired

The server has moved on; the page needs a fresh start.